Map: Ulrena

Players

Ossian - Winner!

  • Race: Protoss Protoss
  • League: Silver

zod

  • Race: Protoss Protoss
  • League: Silver

VOD

Have the link to the VOD?

Description

Time

  • Played on: Jan. 20, 2016, 2:12 p.m.
  • Length: 10:22
Show
View Real Time Build Order
Export as new Build Order

Ossian Protoss - Winner!

Build Orders: Oracle Opening 

Get SALT Encoding   

  12  0:01  Probe (Chrono Boost)  
  13  0:13  Probe (Chrono Boost)  
  14  0:25  Pylon  
  14  0:39  Assimilator  
  14  0:41  Assimilator  
  14  0:46  Probe (Chrono Boost)  
  14  0:48  Assimilator  
  13  1:00  Gateway  
  13  1:07  Probe (Chrono Boost)  
  14  1:18  Probe (Chrono Boost)  
  15  1:34  Probe (Chrono Boost)  
  16  1:45  Probe (Chrono Boost)  
  17  1:47  Cybernetics Core  
  17  1:51  Assimilator  
  17  1:52  Pylon  
  17  2:01  Zealot  
  19  2:16  Probe (Chrono Boost)  
  20  2:27  Probe (Chrono Boost)  
  21  2:32  Warp Gate  
  21  2:33  Stargate  
  21  2:50  Sentry  
  23  2:52  Probe (Chrono Boost)  
  24  3:00  Gateway  
  24  3:03  Probe (Chrono Boost), Pylon  
  25  3:18  Oracle (Chrono Boost)  
  28  3:27  Adept  
  28  3:32  Probe  
  31  3:53  Void Ray (Chrono Boost)  
  31  3:54  Probe  
  36  4:43  Forge  
  36  4:46  Probe  
  37  4:58  Probe  
  38  5:04  Pylon  
  38  5:10  Probe  
  39  5:17  Void Ray (Chrono Boost)  
  39  5:22  Probe  
  38  5:51  Nexus  
  38  5:53  Robotics Facility  
  38  5:54  Protoss Ground Weapons Level 1, Robotics Facility  
  38  6:06  Void Ray (Chrono Boost)  
  42  6:13  Probe  
  42  6:17  Pylon  
  43  6:21  Stalker  
  43  6:25  Probe  
  46  6:37  Probe  
  46  6:49  Probe  
  47  7:10  Probe (Chrono Boost)  
  46  7:20  Pylon  
  46  7:21  Pylon  
  46  7:30  Mothership Core (Chrono Boost)  
  46  7:39  Immortal (Chrono Boost)  
  46  7:43  Immortal (Chrono Boost), Phoenix  
  55  8:07  Protoss Ground Armor Level 1  
  55  8:09  Zealot x2  
  59  8:14  Immortal (Chrono Boost)  
  63  8:24  Pylon  
  63  8:25  Pylon  
  63  8:39  Oracle (Chrono Boost)  
  63  8:42  Immortal  
  63  8:43  Zealot  
  63  8:44  Zealot  
  71  8:51  Gateway  
  71  8:53  Gateway  
  75  10:04  Nexus  
  75  10:07  Pylon  
Show
View Real Time Build Order
Export as new Build Order

zod Protoss 

Build Orders:  

Get SALT Encoding   

  12  0:02  Probe (Chrono Boost)  
  13  0:12  Probe (Chrono Boost)  
  14  0:23  Probe (Chrono Boost), Pylon  
  15  0:42  Probe (Chrono Boost)  
  16  1:06  Gateway  
  16  1:20  Nexus  
  16  1:27  Assimilator  
  16  1:28  Probe (Chrono Boost)  
  17  1:38  Probe (Chrono Boost)  
  18  1:48  Pylon  
  18  1:53  Probe (Chrono Boost)  
  19  1:54  Zealot (Chrono Boost)  
  21  2:03  Probe (Chrono Boost)  
  22  2:12  Cybernetics Core  
  22  2:15  Probe  
  23  2:20  Zealot (Chrono Boost)  
  25  2:26  Forge  
  25  2:27  Pylon  
  25  2:34  Probe  
  26  2:48  Zealot (Chrono Boost)  
  26  2:50  Probe  
  29  2:51  Probe  
  29  2:57  Assimilator  
  30  3:00  Probe  
  30  3:03  Probe  
  30  3:04  Photon Cannon  
  32  3:11  Probe  
  33  3:15  Probe  
  34  3:21  Probe  
  35  3:27  Probe, Assimilator  
  35  3:33  Probe  
  37  3:39  Warp Gate (Chrono Boost)  
  37  3:46  Gateway  
  37  3:48  Gateway  
  37  3:49  Gateway  
  37  3:58  Mothership Core (Chrono Boost), Probe  
  35  4:12  Probe (Chrono Boost)  
  35  4:15  Pylon  
  36  4:19  Probe (Chrono Boost)  
  30  4:27  Stalker  
  30  4:33  Stalker  
  36  4:38  Probe (Chrono Boost)  
  36  4:39  Probe (Chrono Boost)  
  36  4:47  Pylon  
  36  4:51  Pylon  
  37  4:53  Probe (Chrono Boost)  
  37  5:01  Photon Cannon  
  37  5:03  Probe (Chrono Boost)  
  38  5:09  Protoss Ground Weapons Level 1 (Chrono Boost)  
  38  5:17  Mothership Core  
  38  5:19  Probe  
  39  5:31  Probe  
  40  5:38  Probe  
  41  5:46  Stalker  
  41  5:47  Stalker  
  45  6:00  Probe, Photon Cannon  
  46  6:13  Probe, Assimilator  
  46  6:17  Stalker  
  49  6:25  Probe  
  50  6:26  Stalker  
  52  6:51  Protoss Shields Level 1 (Chrono Boost)  
  52  6:52  Stalker  
  52  6:53  Stalker x3  
  50  7:20  Stalker x3  
  50  7:21  Stalker  
  58  7:25  Mothership Core  
  58  7:41  Probe  
  59  7:46  Probe  
  59  7:50  Stargate  
  60  7:53  Probe  
  61  7:58  Probe  
  61  8:03  Twilight Council  
  61  8:05  Probe  
  63  8:10  Probe  
  63  8:11  Pylon  
  64  8:22  Probe  
  64  8:23  Probe  
  66  8:27  Stalker  
  66  8:30  Protoss Ground Armor Level 1 (Chrono Boost)  
  66  8:44  Pylon  
  66  8:53  Photon Cannon  
  66  8:57  Photon Cannon  
  66  9:02  Photon Cannon  
  66  9:17  Photon Cannon  
  66  9:18  Pylon  
  45  9:46  Stalker x4  
  49  9:58  Probe x2  
  53  10:08  Stalker  
  53  10:10  Stalker  
Tags
 
Add a new tag
Caveats
  • Supply blocks, unpowered buildings, or Contaminate may cause inaccurate times.
  • Supply counts are checked every 10 seconds.